 Dungeon Crawl Stone Soup version 0.28.0-53-g5a82cb258f (webtiles) character file.

Game seed: 2464957328057823639

1369 Peloso the Carver (level 8, 0/69 HPs)
             Began as a Minotaur Fighter on June 14, 2022.
             Slain by a gnoll
             ... wielding a +0 halberd
              (7 damage)
             ... on level 5 of the Dungeon.
             The game lasted 00:06:25 (4096 turns).

Peloso the Carver (Minotaur Fighter)                Turns: 4096, Time: 00:06:26

Health: 0/69       AC:  9    Str: 25    XL:     8   Next: 38%
Magic:  7/7        EV: 10    Int:  5    God:
Gold:   190        SH:  5    Dex: 12    Spells: 7/7 levels left

rFire   x . .      SeeInvis .   a - +8 double sword "Zaowomm" {venom, +Blink rElec rF- Str+4}
rCold   . . .      Faith    .   c - +0 buckler
rNeg    . . .      Spirit   .   f - +0 scale mail
rPois   .          Reflect  .   (helmet restricted)
rElec   +          Harm     .   o - +0 cloak
rCorr   .          Rampage  .   (no gloves)
Will    .....                   (no boots)
Stlth   ..........              (no amulet)
HPRegen 0.21/turn               (no ring)
MPRegen 0.10/turn               (no ring)

@: no status effects
A: horns 2, retaliatory headbutt
a: Evoke Blink


You were on level 5 of the Dungeon.
You visited 1 branch of the dungeon, and saw 5 of its levels.

You collected 190 gold pieces.

Inventory:

Hand Weapons
 a - the +8 double sword "Zaowomm" (weapon) {venom, +Blink rElec rF- Str+4}
   (You acquired it on level 2 of the Dungeon)

   It poisons the flesh of those it strikes.
   Str:       It affects your strength (+4).
   rF:        It makes you vulnerable to fire.
   rElec:     It insulates you from electricity.
   +Blink:    It lets you blink.
 b - a +0 long sword
Missiles
 u - 2 throwing nets (quivered)
Armour
 c - a +0 buckler (worn)
 f - a +0 scale mail (worn)
 o - a +0 cloak (worn)
Jewellery
 q - a ring of magical power
Wands
 n - a wand of flame (15)
 r - a wand of acid (8)
Scrolls
 g - a scroll of silence {unknown}
 h - 2 scrolls of fear {unknown}
 i - 2 scrolls of immolation {unknown}
 l - 3 scrolls of identify {unknown}
 s - 2 scrolls of blinking {unknown}
 t - a scroll of holy word {unknown}
Potions
 d - 2 potions of might
 e - a potion of resistance {unknown}
 j - 2 potions of curing {unknown}
 k - a potion of cancellation {unknown}
 m - a potion of brilliance {unknown}
 p - a potion of mutation {unknown}
 v - a potion of ambrosia {unknown}
 w - a potion of heal wounds {unknown}


   Skills:
 + Level 5.4 Fighting
 + Level 8.5 Long Blades
 + Level 7.2 Armour
 + Level 2.3 Dodging
 + Level 0.4 Stealth
 + Level 5.7 Shields


You had 7 spell levels left.
You didn't know any spells.
Your spell library contained the following spells:

 Spells                   Type           Power      Damage    Failure   Level
 Static Discharge         Conj/Air       0%         N/A       92%         2
 Gell's Gravitas          Tloc           0%         N/A       99%         3
 Lesser Beckoning         Tloc           0%         N/A       99%         3
 Teleport Other           Tloc           0%         N/A       99%         3
 Lightning Bolt           Conj/Air       0%         1d11      100%        5
 Maxwell's Capacitive Co  Air            0%         ∞         100%        8


Dungeon Overview and Level Annotations

Branches:
Dungeon (5/15)
 Temple: D:4-7

Altars:
Gozag
Wu Jian
Yredelemnul

Annotations:
D:4 3 runed translucent doors, PentaManta's ghost, amateur MfTm; qipq's ghost, amateur OpFi
D:5 1 transporter


Innate Abilities, Weirdness & Mutations

You have a pair of horns on your head.
You reflexively headbutt those who attack you in melee.


Message History

The necrophage hits you but does no damage.
The gnoll hits you from afar with a +0 halberd!
The gnoll shaman hits you but does no damage.
You barely miss the gnoll shaman.
The gnoll shaman is moderately wounded.
You block the gnoll's attack. The gnoll shaman completely misses you.
The necrophage hits you.
The gnoll hits you from afar with a +0 halberd!
You hit the gnoll shaman but do no damage.
The gnoll shaman is moderately wounded.
The gnoll barely misses you.
The necrophage hits you but does no damage.
The gnoll closely misses you.
The gnoll shaman hits you with a +0 whip!
You slash the gnoll shaman!
The gnoll shaman is poisoned.
The gnoll shaman is severely wounded.
The gnoll closely misses you.
The bullfrog skeleton closely misses you.
The necrophage closely misses you. The gnoll hits you but does no damage.
The gnoll shaman hits you with a +0 whip!
* * * LOW HITPOINT WARNING * * *
The gnoll hits you but does no damage.
The gnoll shaman hits you with a +0 whip.
* * * LOW HITPOINT WARNING * * *
The bullfrog skeleton hits you but does no damage.
You kill the gnoll shaman!
The gnoll hits you but does no damage. You block the gnoll's attack.
The gnoll hits you from afar with a +0 spear!
* * * LOW HITPOINT WARNING * * *
The bullfrog skeleton hits you but does no damage.
Okay, then.
You slash the necrophage! You headbutt the necrophage.
The necrophage is moderately damaged.
The necrophage hits you but does no damage.
You block the gnoll's attack.
You hit the necrophage.
The necrophage is heavily damaged.
You block the necrophage's attack.
The gnoll hits you from afar with a +0 halberd!
You die...

#####.###.................. #.#
#..........).###### #.#
#............# #.# ##...........#
#.# #...........# ###.#
#.........Z.#
##...####....###.#..#
##............#####Z.#.....©.....
..............+.@ngg.#..##...##..
..............#####..#..#8...8#..
#######..#+#.######..#..##...##..
#######..# #.........#...........
.....##..# ########..#©...(!Z..Z.
.....##..+ ........)############
PPP..##..##########........©.....
..P..##..........................
_.P..##...#####..#.#.#.####..##.#


You could see a necrophage, 2 gnolls and a bullfrog skeleton.

Vanquished Creatures
  A two-headed ogre (D:5)
  2 ogres (D:4)
  A howler monkey (D:4)
  A hound (D:5)
  A centaur skeleton (D:4)
  An orc priest (D:3)
  A gnoll shaman (D:5)
  Crazy Yiuf (D:3)
  Ijyb (D:3)
  An iguana (D:5)
  Natasha (thrice) (D:4)
  An orc wizard (D:5)
  Robin (D:4)
  4 adders
  9 gnolls
  An ufetubus (D:5)
  An adder skeleton (D:4)
  A worm (D:4)
  4 dart slugs
  15 orcs
  12 ball pythons
  8 endoplasms
  4 giant cockroaches
  14 goblins
  8 hobgoblins
  6 jackals
  3 quokkas
  4 bats
  4 frilled lizards
  10 kobolds
  8 rats
132 creatures vanquished.

Vanquished Creatures (others)
  6 withered plants (D:4)
6 creatures vanquished.

Grand Total: 138 creatures vanquished

Notes
Turn   | Place    | Note
-------+----------+-------------------------------------------
     0 | D:1      | Peloso the Minotaur Fighter began the quest for the Orb.
     0 | D:1      | Reached XP level 1. HP: 19/19 MP: 0/0
   193 | D:1      | Reached XP level 2. HP: 21/27 MP: 1/1
   366 | D:1      | Found a faded altar of an unknown god.
   613 | D:1      | Reached XP level 3. HP: 33/33 MP: 2/2
  1187 | D:2      | Reached skill level 3 in Long Blades
  1430 | D:2      | Found an opulent altar of Gozag.
  1642 | D:2      | Identified a scroll of acquirement
  1645 | D:2      | Acquired the +8 double sword "Zaowomm" {venom, +Blink rElec
                  | rF- Str+4}
  1705 | D:3      | Reached XP level 4. HP: 40/40 MP: 3/3
  1820 | D:3      | Noticed Ijyb
  1823 | D:3      | Reached skill level 1 in Dodging
  1829 | D:3      | Killed Ijyb
  1830 | D:3      | Reached skill level 4 in Long Blades
  2051 | D:3      | Found a runed translucent door.
  2052 | D:3      | Noticed Crazy Yiuf
  2056 | D:3      | Killed Crazy Yiuf
  2057 | D:3      | Reached XP level 5. HP: 46/46 MP: 4/4
  2229 | D:4      | Reached skill level 5 in Long Blades
  2380 | D:4      | Noticed an ogre
  2381 | D:4      | Killed an ogre
  2382 | D:4      | Reached skill level 5 in Armour
  2382 | D:4      | Reached XP level 6. HP: 53/53 MP: 5/5
  2387 | D:4      | Noticed Robin
  2396 | D:4      | Killed Robin
  2519 | D:4      | Reached skill level 6 in Long Blades
  2634 | D:4      | Noticed Natasha
  2638 | D:4      | Killed Natasha
  2641 | D:4      | Reached XP level 7. HP: 45/60 MP: 6/6
  3142 | D:4      | Found a runed translucent gate.
  3143 | D:4      | Found a runed translucent gate.
  3144 | D:4      | Found a runed translucent gate.
  3144 | D:4      | Noticed Natasha
  3145 | D:4      | Noticed PentaManta's ghost (amateur MfTm)
  3146 | D:4      | Noticed qipq's ghost (amateur OpFi)
  3150 | D:4      | Killed Natasha
  3427 | D:4      | Noticed Natasha
  3432 | D:4      | Killed Natasha
  3433 | D:4      | Reached skill level 7 in Long Blades
  3436 | D:5      | Entered Level 5 of the Dungeon
  3516 | D:5      | Found an ornate altar of the Wu Jian Council.
  3582 | D:5      | Reached skill level 5 in Shields
  3602 | D:5      | Found a transporter.
  3646 | D:5      | Found a basalt altar of Yredelemnul.
  3669 | D:5      | Noticed a two-headed ogre
  3674 | D:5      | Killed a two-headed ogre
  3675 | D:5      | Reached skill level 5 in Fighting
  3675 | D:5      | Reached skill level 8 in Long Blades
  3675 | D:5      | Reached XP level 8. HP: 52/69 MP: 7/7
  4096 | D:5      | Slain by a gnoll

Illustrated notes

Levels and vault maps discovered:
D:1:      scummos_arrival_star, layout_basic, basic_ecumenical_altar,
          hangedman_decor_peaks_small
D:2:      layout_rooms, basic_altar
D:3:      layout_rooms, uniq_crazy_yiuf_cottage, uniq_ijyb
D:4:      layout_gridville, gammafunk_ghost_cemetery, uniq_robin, uniq_natasha
D:5:      layout_basic, zin_scriptorium, mainiacjoe_overflow_chevrons,
          kennysheep_mini_moat, gammafunk_ghost_mausoleum, item_on_display_a

Skill      XL: |  1  2  3  4  5  6  7 |
---------------+----------------------+-----
Armour         | 4 5 7 |  7.2
Shields        | 4 5 |  5.7
Fighting       | 4 5 |  5.4
Long Blades    | 3 4 5 6 8 |  8.5
Dodging        | 1 2 |  2.3
Stealth        | |  0.4

Action                   |  1- 3 |  4- 6 |  7- 9 || total
-------------------------+-------+-------+-------++-------
Melee: Long sword        |   112 |       |       ||   112
       Headbutt          |    14 |     6 |    10 ||    30
       Double sword      |     1 |    51 |    57 ||   109
  Use: Scroll            |     2 |       |       ||     2
Armor: Scale mail        |    67 |    21 |    35 ||   123
Dodge: Dodged            |    58 |    41 |    38 ||   137
Block: Buckler           |    33 |    12 |    25 ||    70
